 Dungeon Crawl Stone Soup version 0.32-a0-870-g877066f4b4 (webtiles) character file.

Game seed: 6353927371215919132

4452 Gargoyl the Cleaver (level 10, -2/94 HPs)
             Began as a Gargoyle Berserker on Mar 27, 2024.
             Was a Priest of Trog.
             Slain by an orc knight
             ... wielding a +0 war axe
              (23 damage)
             ... in a bailey on Mar 29, 2024.
             The game lasted 00:14:18 (7572 turns).

Gargoyl the Cleaver (Gargoyle Berserker)            Turns: 7572, Time: 00:14:19

Health: -2/94      AC: 16    Str: 21    XL:     10   Next: 37%
Magic:  10/10      EV: 11    Int:  8    God:    Trog [***...]
Gold:   318        SH:  0    Dex: 13    Spells: 9/9 levels left

rFire   . . .        u - +2 hand axe
rCold   . . .        (no shield)
rNeg    + . .        w - +0 scale mail
rPois   ∞            b - +0 helmet
rElec   +            (no cloak)
rCorr   .            (no gloves)
SInv    .            (no boots)
Will    .....        (no amulet) Stlth
                     (no ring)
HPRegen 0.35/turn    (no ring)
MPRegen 0.12/turn

%: no passive effects
@: berserking (expiring), very quick
A: sickness immunity, AC +7, negative energy resistance 1, electricity
resistance, torment resistance 1, petrification resistance
a: Renounce Religion, Berserk, Trog's Hand


You were in a bailey.
You worshipped Trog.
Trog was most pleased with you.
You visited 1 branch of the dungeon, and saw 8 of its levels.
You also visited: Bailey.

You collected 318 gold pieces.

Inventory:

Hand Weapons
 a - a +1 hand axe
 s - a +2 flail of protection
 u - a +2 hand axe (weapon)
 x - a +0 spear
Missiles
 r - 10 poisoned darts (quivered)
Armour
 b - a +0 helmet (worn)
 w - a +0 scale mail (worn)
Wands
 c - a wand of roots (2)
 i - a wand of paralysis (12)
 j - a wand of polymorph (26)
 q - a wand of flame (29)
Scrolls
 d - a scroll of revelation
 e - a scroll of silence
 h - 2 scrolls of blinking
 k - 3 scrolls of teleportation
 l - a scroll of poison
 n - 2 scrolls of identify
 p - a scroll of fog
 t - a scroll of vulnerability {unknown}
Potions
 f - a potion of might
 m - a potion of ambrosia
 o - a potion of lignification


   Skills:
 + Level 7.1 Fighting
 + Level 1.2 Short Blades
 + Level 9.5 Axes
 + Level 0.9 Throwing
 + Level 7.0 Armour
 + Level 5.4 Dodging
 + Level 2.8 Stealth
 + Level 0.5 Unarmed Combat


You had 9 spell levels left.
You didn't know any spells.
Your spell library was empty.

Dungeon Overview and Level Annotations

Branches:
Dungeon (8/15)             Temple (0/1) D:6          Bailey (1/1)
   Lair: D:8-11

Altars:
Cheibriados
Dithmenos
Makhleb
Okawaru
Qazlal
Vehumet
Wu Jian
Xom

Shops:
D:7 [


Innate Abilities, Weirdness & Mutations

You are immune to sickness and miasma.
Your stone body is resilient. (AC +7)
You are immune to poison.
You resist negative energy. (rN+)
You are resistant to electric shocks. (rElec)
You are resistant to unholy torment.
You are immune to petrification.


Message History

a +0 war axe; a +0 leather armour; an orc corpse You hit the orc knight.
The orc knight is lightly wounded.
You barely miss the orc knight.
The orc knight is lightly wounded.
The orc knight closely misses you.
The orc knight roars a battlecry!
The orc knight goes into a battle-frenzy!
You barely miss the orc knight.
The orc knight is lightly wounded.
The orc knight hits you with a +0 war axe.
You slash the orc knight!
The orc knight is lightly wounded.
You completely miss the orc knight.
The orc knight is lightly wounded.
You barely miss the kobold.
The orc knight hits you with a +0 war axe!
You hit the orc knight.
The orc knight is lightly wounded.
You barely miss the kobold. The kobold barely misses you.
You slash the orc knight!
The orc knight is moderately wounded.
You barely miss the kobold.
The orc knight hits you with a +0 war axe!!
You barely miss the orc knight.
The orc knight is moderately wounded.
You slash the kobold!
You kill the kobold!
Trog accepts your kill.
You hit the orc knight but do no damage.
The orc knight is moderately wounded.
The orc knight hits you with a +0 war axe!
* * * LOW HITPOINT WARNING * * *
You hit the orc knight but do no damage.
The orc knight is moderately wounded.
Unknown command.
You barely miss the orc knight.
The orc knight is moderately wounded.
The orc knight hits you with a +0 war axe!!
You die...

#.#############
..............#### #
#..(........## #.
##K#.........## #..
#..#....⌠..... ..
#.)###.......# ..
+..####'####..+ #.....### ≈.#
#...^..oo@()..###......###
≈≈..#..####o####..#......≈≈≈≈≈
≈≈≈≈####.....g.####.≈≈~≈≈≈≈≈≈≈
#≈≈≈≈≈K#...!oog#K≈≈≈≈≈≈(....##
#≈≈≈≈#########≈≈≈≈~......##
#≈≈≈≈≈≈≈≈≈≈≈≈≈~..)....##
#[≈≈≈≈≈≈≈≈........###
##......).(....####
##..∩......####


You could see 2 orc knights and an orc warrior (strong).

Vanquished Creatures
  A two-headed ogre (D:8)
  Sigmund (D:6)
  2 humans (D:7)
  An ice beast (D:6)
  6 orc warriors
  3 sky beasts
  A black bear (D:6)
  4 ogres
  A centaur (D:5)
  A bullfrog (D:8)
  A scorpion (D:5)
  A gnoll sergeant (D:7)
  7 wights
  4 killer bees (D:7)
  The ghost of confidenceinterval the Apothecary, a weakling MfAl (D:3)
  3 bombardier beetles
  A crimson imp (D:4)
  5 orc priests
  3 hounds
  6 sleepcaps
  Natasha (thrice) (D:2)
  4 iguanas
  9 orc wizards
  5 gnolls (D:7)
  6 adders
  A white imp (D:5)
  4 ufetubi
  4 ribbon worms
  4 dart slugs
  45 orcs
  4 ball pythons
  8 endoplasms
  4 giant cockroaches
  7 hobgoblins
  6 jackals
  20 kobolds
  4 quokkas
  5 bats
  6 frilled lizards
  9 goblins
  6 rats
217 creatures vanquished.

Vanquished Creatures (collateral kills)
  An endoplasm (D:1)
  2 jackals (D:1)
3 creatures vanquished.

Grand Total: 220 creatures vanquished

Notes
Turn   | Place    | Note
-------+----------+-------------------------------------------
     0 | D:1      | Gargoyl the Gargoyle Berserker began the quest for the Orb.
     0 | D:1      | Reached XP level 1. HP: 14/14 MP: 1/1
   154 | D:1      | Reached XP level 2. HP: 7/19 MP: 2/2
   330 | D:1      | Reached skill level 3 in Axes
   450 | D:1      | Found a faded altar of an unknown god.
   474 | D:1      | Reached XP level 3. HP: 24/24 MP: 3/3
   961 | D:2      | Reached ** piety under Trog
  1328 | D:2      | Noticed Natasha
  1334 | D:2      | Killed Natasha
  1335 | D:2      | Reached skill level 1 in Stealth
  1335 | D:2      | Reached XP level 4. HP: 29/29 MP: 4/4
  1344 | D:2      | Noticed Natasha
  1359 | D:2      | Killed Natasha
  1655 | D:2      | Noticed Natasha
  1672 | D:2      | HP: 1/29 [cerulean imp/+1 spear[Natasha] (3)]
  1673 | D:2      | Killed Natasha
  1674 | D:2      | Reached XP level 5. HP: 1/33 MP: 5/5
  1853 | D:3      | Found a runed translucent gate.
  1853 | D:3      | Found a runed translucent gate.
  1853 | D:3      | Found a runed translucent gate.
  1856 | D:3      | Noticed confidenceinterval's ghost (weakling MfAl)
  1982 | D:3      | Reached skill level 4 in Axes
  2133 | D:3      | Found an ornate altar of the Wu Jian Council.
  2235 | D:3      | Noticed a spectral centipede
  2235 | D:3      | Noticed a spectral black mamba
  2235 | D:3      | Noticed a spectral cane toad
  2370 | D:3      | Found a shadowy altar of Dithmenos.
  2514 | D:3      | Killed confidenceinterval's ghost
  2518 | D:3      | Reached XP level 6. HP: 39/39 MP: 6/6
  2670 | D:4      | Reached skill level 1 in Short Blades
  2977 | D:4      | Reached *** piety under Trog
  3209 | D:4      | Found a burning altar of Makhleb.
  3210 | D:4      | Found a shimmering altar of Xom.
  3378 | D:4      | Reached XP level 7. HP: 38/44 MP: 7/7
  3659 | D:5      | Entered Level 5 of the Dungeon
  3707 | D:5      | Reached skill level 5 in Axes
  4283 | D:5      | Found a radiant altar of Vehumet.
  4482 | D:5      | Reached skill level 5 in Fighting
  4592 | D:5      | Reached XP level 8. HP: 39/49 MP: 8/8
  5127 | D:6      | Reached skill level 6 in Axes
  5194 | D:6      | You fall into a shaft and drop 1 floor!
  5211 | D:6      | Found a staircase to the Ecumenical Temple.
  5224 | D:6      | Found a snail-covered altar of Cheibriados.
  5224 | D:6      | Noticed Sigmund
  5253 | D:6      | Killed Sigmund
  5749 | D:6      | Reached skill level 7 in Axes
  5916 | D:6      | Reached skill level 5 in Armour
  5916 | D:6      | Reached XP level 9. HP: 38/55 MP: 9/9
  6176 | D:7      | Found an iron altar of Okawaru.
  6407 | D:7      | Found a stormy altar of Qazlal.
  6457 | D:7      | Reached skill level 8 in Axes
  6505 | D:7      | Upgraded the game from 0.32-a0-842-gbbb8fdbe59 to
                  | 0.32-a0-870-g877066f4b4
  6769 | D:7      | Reached skill level 5 in Dodging
  6998 | D:7      | Found Yrhulaod's Armour Emporium.
  7076 | D:7      | Reached XP level 10. HP: 58/61 MP: 10/10
  7252 | D:8      | Found a flagged portal.
  7306 | D:8      | Noticed a two-headed ogre
  7366 | D:8      | Reached skill level 9 in Axes
  7370 | D:8      | Killed a two-headed ogre
  7382 | Bailey   | Entered a bailey
  7453 | Bailey   | Noticed an orc knight
  7454 | Bailey   | Noticed an orc knight
  7551 | Bailey   | Identified the ring of Qealaots {rElec rN+ EV+5}
  7572 | Bailey   | Slain by an orc knight

Illustrated notes

Levels and vault maps discovered:
D:1:      tekkud_arrival_beachfront_property, layout_basic,
          nicolae_ecumenical_snake_handling
D:2:      layout_loops_ring, minmay_tetromino_l4, uniq_natasha
D:3:      layout_basic, pdpol_wu_jian_five_deadly_venoms, grunt_dithmenos_smoke,
          gammafunk_ghost_split, fountainhead, bh_walls_and_bars
D:4:      layout_basic, grunt_temple_overflow_champion_of_chaos,
          mainiacjoe_sewer_entry_somewhere_in_here_1,
          chequers_serial_rivers_marsh, item_on_display_a
D:5:      nicolae_cairo_tiling_large, layout_layer_cave, vehumet_altar_wand_db,
          amcnicky_mini_pool_medium
D:6:      layout_loops_cross, slow_altar_1, temple_doors_e,
          kennysheep_nondescript, uniq_sigmund
D:7:      layout_loops_ring, mainiacjoe_overflow_chevrons, okawaru_humans,
          serial_shops, kennysheep_little_box
D:8:      layout_rooms, nzn_overflow_gifts_of_might_and_magic,
          fedhas_altar_decomposition, mainiacjoe_overflow_brackets,
          nicolae_kikubaaqudgha_miasma_corner, enter_bailey_2, serial_shops,
          nicolae_shop_tiny_waterfront
Bailey:   bailey_axe_4, bailey

Skill      XL: |  1  2  3  4  5  6  7  8  9 10 |
---------------+-------------------------------+-----
Dodging        | 2 3 4 5 |  5.4
Axes           | 3 4 5 7 8 9 |  9.5
Fighting       | 4 5 6 7 |  7.1
Stealth        | 1 2 |  2.8
Short Blades   | 1 |  1.2
Armour         | 3 4 5 6 7 |  7.0
Throwing       | |  0.9
Unarmed Combat | |  0.5

Action                     |  1- 3 |  4- 6 |  7- 9 | 10-12 || total
---------------------------+-------+-------+-------+-------++-------
  Melee: Hand axe          |   112 |   137 |   497 |    94 ||   840
         Unarmed           |       |    20 |       |       ||    20
         Short sword       |       |    28 |       |       ||    28
  Throw: Dart              |       |       |     6 |       ||     6
 Invoke: Berserk           |     1 |     2 |    13 |     5 ||    21
         Trog's Hand       |       |     1 |    10 |     2 ||    13
    Use: Scroll            |     3 |     6 |     5 |       ||    14
         Potion            |       |       |     3 |       ||     3
   Stab: Sleeping          |     4 |     1 |       |       ||     5
         Confused          |       |     1 |       |       ||     1
 Armour: Animal skin       |    68 |       |       |       ||    68
         Ring mail         |       |   140 |   373 |       ||   513
         Skin              |       |    15 |       |       ||    15
         Scale mail        |       |       |    48 |    86 ||   134
  Dodge: Dodged            |    85 |   117 |   332 |    90 ||   624

Table legend: (Time is in decaauts)
 A = Elapsed time spent in this place.
 B = Non-inter-level travel time spent in this place.
 C = Inter-level travel time spent in this place.
 D = Time resting spent in this place.
 E = Time spent auto-exploring this place.
 F = Levels seen in this place.
 G = Mean time per level.
                   A        B        C        D        E       F      G
               +--------+--------+--------+--------+--------+-----+--------+
         Total |   7755 |   7575 |    180 |    645 |   4759 |   9 |  861.7 |
       Dungeon |   7559 |   7379 |    180 |    587 |   4753 |   8 |  944.9 |
        Bailey |    196 |    196 |      0 |     58 |      6 |   1 |  196.0 |
               +--------+--------+--------+--------+--------+-----+--------+

Top non-repeatable levels by time:
     D:5: 1409 daAuts
     D:7: 1197 daAuts
     D:6: 1196 daAuts
     D:4: 1107 daAuts
     D:2: 990 daAuts
     D:1: 884 daAuts
     D:3: 749 daAuts
  Bailey: 196 daAuts
     D:8: 25 daAuts
